 Dungeon Crawl Stone Soup version 0.18.1-50-g88ac8fd (webtiles) character file.

247282 RepoMan the Executioner (level 21, -9/163 HPs)
             Began as a Formicid Fighter on Sept 15, 2016.
             Was the Champion of the Shining One.
             Mangled by an Executioner (10 damage)
             ... summoned by a deep elf demonologist
             ... on level 3 of the Elven Halls on Sept 17, 2016.
             The game lasted 07:32:05 (50640 turns).

RepoMan the Executioner (Formicid Fighter)         Turns: 50640, Time: 07:32:06

Health: -9/163     AC: 15    Str: 27    XL:     21   Next: 19%
Magic:  0/13       EV: 17    Int: 12    God:    the Shining One [******]
Gold:   1603       SH: 21    Dex: 16    Spells: 0 memorised, 20 levels left

rFire  + + +     SeeInvis +     a - +8 Wrath of Trog {antimagic, *Rage}
rCold  + . .     Gourm    .     t - +0 ring mail of Compression {rElec rF+ MP+9}
rNeg   + + +     Faith    .     E - +0 large shield of the Lily {rPois Str+3 Int+3}
rPois  +         Spirit   +     (helmet unavailable)
rElec  +         Dismiss  .     F - +0 cloak {rPois}
rCorr  +         Reflect  .     z - +0 pair of gloves
SustAt .         Harm     .     u - +2 pair of boots
MR     ++...                    V - amulet of guardian spirit
Stlth  +.........               G - ring of protection from fire
                                D - ring of flight

@: resistant, flying (expiring), glowing, very resistant to hostile
enchantments, very unstealthy
A: permanent stasis, dig shafts and tunnels, four strong arms, antennae 3
a: Dig, Shaft Self, Divine Shield, Cleansing Flame, Summon Divine Warrior, Brand
Weapon With Holy Wrath, Renounce Religion


You were on level 3 of the Elven Halls.
You worshipped the Shining One.
The Shining One was exalted by your worship.
You were hungry.

You visited 7 branches of the dungeon, and saw 35 of its levels.
You visited the Abyss 1 time.

You collected 4175 gold pieces.
You spent 2572 gold pieces at shops.

Inventory:

Hand Weapons
 a - the +8 Wrath of Trog (weapon) {antimagic, *Rage}
   (You acquired it on level 1 of the Shoals)

   It disrupts the flow of magical energy around spellcasters and certain
   magical creatures (including the wielder).
   It may make you go berserk in combat.
 b - a +1 hand crossbow of flaming
 r - the +0 executioner's axe of Fuokk {chop, rElec rN+}
   (You acquired it on level 14 of the Dungeon)

   It inflicts extra damage upon your enemies.
   It insulates you from electricity.
   It protects you from negative energy.
 X - a +0 dire flail
Missiles
 e - 233 bolts
 o - 2 throwing nets (quivered)
Armour
 t - the +0 ring mail of Compression (worn) {rElec rF+ MP+9}
   (You found it on level 4 of the Dungeon)

   It protects you from fire.
   It insulates you from electricity.
   It affects your magic capacity (+9).
 u - a +2 pair of boots (worn)
 z - a +0 pair of gloves (worn)
 E - the +0 large shield of the Lily (worn) {rPois Str+3 Int+3}
   (You acquired it on level 1 of the Shoals)

   It affects your strength (+3).
   It affects your intelligence (+3).
   It protects you from poison.
 F - a +0 cloak of poison resistance (worn)
 U - a +0 ice dragon armour
Rods
 H - a +2 rod of ignition (9/9)
   (You took it off a deep elf high priest on level 3 of the Elven Halls)
 M - a +6 iron rod (12/12)
   (You found it on level 3 of the Elven Halls)
Jewellery
 g - a +5 ring of intelligence
 q - an uncursed amulet of magic regeneration
 B - the ring of Mezen {Wiz +Fly Dex+3 Stlth+, unknown}
   (You took it off a deep elf annihilator on level 3 of the Elven Halls)

   [ring of wizardry]

   It improves your spell success rate.
   It affects your dexterity (+3).
   It lets you fly.
   It makes you more stealthy.
 D - a ring of flight (left hand)
 G - a ring of protection from fire (right hand)
 V - an amulet of guardian spirit (around neck)
 W - an uncursed ring of fire
Wands
 h - a wand of heal wounds (0/9)
 j - a wand of iceblast (6/15)
 l - a wand of heal wounds (0/9)
 y - a wand of acid (2/15)
 P - a wand of disintegration (9/24)
Scrolls
 c - a scroll of enchant armour
 i - a scroll of fear
 k - 14 scrolls of identify
 m - 11 scrolls of remove curse
 A - a scroll of amnesia
 C - a scroll of fog
 J - 2 scrolls of immolation
 R - a scroll of magic mapping
 Y - 3 scrolls of recharging
Potions
 p - a potion of resistance
 s - 3 potions of flight
 v - 2 potions of might
 x - a potion of cure mutation
 K - a potion of ambrosia
 N - 4 potions of curing
 O - a potion of cancellation
Books
 n - a book of Changes

   Spells                             Type                      Level
   a - Beastly Appendage              Transmutation                1
   b - Sticks to Snakes               Transmutation                2
   c - Spider Form                    Transmutation/Poison         3
   d - Ice Form                       Ice/Transmutation            4
   e - Blade Hands                    Transmutation                5
 L - the Handbook of Warped Enhancements
   (You found it on level 3 of the Elven Halls)

   Spells                             Type                      Level
   a - Infusion                       Charms                       1
   b - Repel Missiles                 Charms/Air                   2
   c - Song of Slaying                Charms                       2
   d - Ozocubu's Armour               Charms/Ice                   3
   e - Spectral Weapon                Hexes/Charms                 3
   f - Passage of Golubria            Translocation                4
   g - Warp Weapon                    Charms/Translocation         5
Comestibles
 f - 14 bread rations
 w - 12 meat rations


   Skills:
 + Level 13.5 Fighting
 * Level 21.8 Axes
 - Level 0.8(14.9) Maces & Flails
 + Level 8.4 Crossbows
 + Level 14.7 Armour
 + Level 9.1 Dodging
 + Level 15.5 Shields
 + Level 12.9 Invocations


You had 20 spell levels left.
You didn't know any spells.

Dungeon Overview and Level Annotations

Branches:
Dungeon (15/15)            Temple (1/1) D:5            Lair (8/8) D:9
 Shoals (3/4) Lair:4       Spider (3/4) Lair:4        Slime (0/6) Lair:7
    Orc (2/2) D:12            Elf (3/3) Orc:2        Vaults (0/5) D:14
 Depths (0/5) D:15

Altars:
Ashenzari
Cheibriados
Dithmenos
Elyvilon
Fedhas
Gozag
Kikubaaqudgha
Makhleb
Nemelex Xobeh
Okawaru
Pakellas
Qazlal
Ru
Sif Muna
Trog
Vehumet
Xom
Yredelemnul
Zin
The Shining One
Beogh
Lugonu

Shops:
Orc:2 ?:*%(   Elf:2 ((   Elf:3 (:(   Shoals:1 *!::[

Portals:
Hell: Lair:8

Annotations:
Lair:7 exclusion: oklob plant
Lair:8 exclusion: oklob plant


Innate Abilities, Weirdness & Mutations

You are under a permanent stasis effect.
You can dig through walls and to a lower floor.
Your four strong arms can wield two-handed weapons with a shield.
You have a pair of large antennae on your head (SInv).


Message History

The Executioner hits you but does no damage.
You block the Executioner's attack. x2
The Executioner hits you but does no damage.
Drink which item? (? for menu, Esc to quit)
Okay, then.
Unknown command.
Drink which item? (? for menu, Esc to quit)
Okay, then.
Unknown command.
Unknown command.
Unknown command.
Evoke which item? (* to show all) (? for menu, Esc to quit)
Zapping:
l - a wand of heal wounds {zapped: 7} (will waste charges)
Press: ? - help, Shift-Dir - straight line, f - you, p - soul eater Nothing appears to happen.
The Executioner hits you!
* * * LOW HITPOINT WARNING * * *
You block the Executioner's attack.
The Executioner hits you but does no damage.
The Executioner hits you!
You die...

#...≈≈##...##..§....e.'.)..... ##
#...≈≈≈#''##.......4..#)).[§§.
.###....≈≈#..#...########..))[§§.
...#....≈≈#..#...# #####?{##
...#....≈≈#..#..3# #§§#
...'....≈≈#..#.3e# #§§##
...#....≈≈#..'{4e# #§§##
...#....≈≈#..###1# #§§##
...#....≈≈#(.#..@# #..##
...#)...≈≈#..#...# #..##
.##(....≈≈#..#...# { #..##
####(...≈≈#..#...# ######..##
#....≈≈#..'...#$ #..{≈e..≈≈
#....≈≈#..#...#. ###.e{≈≈..≈≈ #
#....≈≈#..#...#§ #...{.≈≈..≈≈ ##
#....≈≈#..#...#. #e#)..≈≈..≈≈
.###....≈≈#..###'#. ##{######..##


You could see a deep elf blademaster, an Executioner, a soul eater, a sun demon,
a deep elf demonologist and a sixfirhy.

Vanquished Creatures
  Norris (Spider:3)
  A bone dragon (Abyss:4)
  A lich (Abyss:4)
  2 deep elf blademasters
  A deep elf master archer (Elf:3)
  Gastronok (Lair:2)
  Kirke (Lair:5)
  Maud (Lair:5)
  A deep elf sorcerer (Elf:3)
  A ghost moth (Spider:2)
  A frost giant (D:15)
  5 deep elf elementalists (Elf:3)
  An emperor scorpion (Spider:3)
  6 deep elf demonologists (Elf:3)
  3 dire elephants (Lair:8)
  5 deep elf annihilators (Elf:3)
  A lorocyproca (Abyss:4)
  2 spark wasps (Spider:3)
  Snorg (D:11)
  A merfolk javelineer (Shoals:3)
  5 deep elf death magi
  3 vault guards (D:14)
  2 deep elf high priests (Elf:3)
  6 merfolk impalers
  12 hydras
  Fannar (D:11)
  Harold (Lair:1)
  A merfolk avatar (Shoals:2)
  6 centaur warriors
  29 dancing weapons
  Erolcha (D:8)
  2 ogre magi
  A satyr (Shoals:2)
  9 death yaks
  A queen ant (Lair:5)
  A tengu warrior (D:15)
  10 orc high priests (Orc:2)
  2 large abominations (Abyss:4)
  Nergalle (Orc:1)
  17 deep elf knights
  3 skeletal warriors
  4 unseen horrors
  4 sea snakes
  4 hill giants
  9 deep elf archers
  A lindwurm (shapeshifter) (Elf:3)
  Pikel (D:4)
  7 harpies
  An orc knight (Orc:2)
  55 deep elf magi
  3 necromancers (D:14)
  3 wizards
  10 orb spiders
  2 hornets (Spider:3)
  5 fauns
  10 ugly things
  8 griffons
  5 cyclopes
  An orc sorcerer (Orc:2)
  An oklob plant (Lair:6)
  5 manticores
  A sixfirhy (Lair:8)
  4 centaur zombies
  26 wolf spiders
  A moth of wrath (Spider:3)
  4 sirens
  Maurice (D:8)
  21 elephants
  6 black mambas
  The ghost of Apert the Shield-Bearer, a novice HOFi of Makhleb (D:6)
  A smoke demon (Abyss:4)
  3 torpor snails
  2 water nymphs
  15 spiny frogs
  Joseph (D:8)
  A yaktaur (D:15)
  10 rime drakes
  13 komodo dragons
  An orange demon (Lair:8)
  9 demonic crawlers
  An ancient zyme (Abyss:4)
  A tengu conjurer (D:15)
  8 trolls
  7 ice devils (Lair:8)
  A hellwing (Lair:8)
  27 jumping spiders
  16 merfolk
  2 polar bears (Lair:4)
  A hornet zombie (D:14)
  11 slime creatures
  6 two-headed ogres
  Prince Ribbit (D:9)
  5 boulder beetles
  An ice dragon zombie (Abyss:4)
  6 raiju (Abyss:4)
  33 blink frogs
  4 snapping turtles
  64 redbacks
  3 spriggans
  26 tarantellas
  6 air elementals
  28 yaks
  2 wraiths
  8 water elementals
  6 fire elementals
  A shadow (D:13)
  6 wyverns
  A hungry ghost (D:8)
  19 humans (D:14)
  A steam dragon (D:13)
  A hog (Lair:5)
  14 hippogriffs
  10 vampire mosquitoes
  10 basilisks
  7 wargs (Orc:2)
  3 mottled dragons
  17 soldier ants (Lair:5)
  Menkaure (D:5)
  19 water moccasins
  3 hell hounds (D:15)
  8 porcupines
  3 black bears
  3 ice beasts
  20 orc warriors
  3 sky beasts
  4 phantoms
  3 wasps
  A slave (D:4)
  2 necrophages
  15 centaurs
  25 ogres
  15 wolves
  15 crocodiles
  9 big kobolds
  25 giant frogs
  3 earth elementals
  4 gnoll sergeants (D:12)
  3 small abominations
  A wyvern zombie (D:14)
  4 scorpions
  A water moccasin skeleton (D:7)
  10 wights (D:12)
  6 killer bees (D:9)
  3 howler monkeys
  2 electric eels (Elf:3)
  6 crimson imps
  8 jellies
  A quasit (D:11)
  8 hounds
  28 orc priests
  2 giant frog zombies
  7 giant frog skeletons
  An iron imp (Abyss:4)
  6 centaur skeletons
  10 iguanas
  45 worker ants
  11 orc wizards
  A killer bee zombie (D:10)
  29 sheep
  A hound skeleton (D:4)
  A worker ant zombie (D:5)
  8 gnolls
  95 river rats
  15 adders
  3 shadow imps
  18 oozes
  An adder skeleton (D:9)
  A dart slug (D:1)
  8 giant geckos
  103 orcs
  5 bats
  3 giant cockroaches
  6 goblins
  5 hobgoblins
  17 jackals
  21 kobolds
  3 quokkas
  3 ball pythons (D:2)
  A giant gecko zombie (D:7)
  4 giant newts
  A jackal zombie (D:6)
  6 rats
  A bush (Lair:8)
  11 fungi
  3 plants
1493 creatures vanquished.

Vanquished Creatures (collateral kills)
  A very ugly thing (Elf:2)
  An entropy weaver (Spider:1)
  5 dancing weapons (Elf:2)
  A thrashing horror (Abyss:4)
  A sun demon (Lair:8)
  A deep elf knight (Elf:2)
  An orb spider (Spider:1)
  5 wolf spiders (Spider:1)
  3 elephants (Lair:8)
  4 ugly things (Elf:2)
  An orange demon (Lair:8)
  A demonic crawler (Spider:1)
  A red devil (Lair:8)
  An ancient zyme (Abyss:4)
  3 jumping spiders (Spider:1)
  2 redbacks (Spider:1)
  3 tarantellas (Spider:1)
35 creatures vanquished.

Vanquished Creatures (others)
  A thrashing horror (Abyss:4)
  A blink frog (Lair:5)
  5 humans (Lair:5)
  61 fungi
  24 plants
  4 starspawn tentacles (Abyss:4)
  A starspawn tentacle segment (Abyss:4)
97 creatures vanquished.

Grand Total: 1625 creatures vanquished

Notes
Turn   | Place    | Note
--------------------------------------------------------------
     0 | D:1      | RepoMan the Formicid Fighter began the quest for the Orb.
     0 | D:1      | Reached XP level 1. HP: 18/18 MP: 1/1
   232 | D:1      | Reached XP level 2. HP: 15/24 MP: 2/2
  1115 | D:2      | Reached XP level 3. HP: 18/29 MP: 3/3
  1164 | D:2      | Reached skill level 3 in Axes
  1166 | D:2      | Reached XP level 4. HP: 33/35 MP: 4/4
  1442 | D:2      | Reached XP level 5. HP: 41/41 MP: 5/5
  1927 | D:3      | Reached skill level 4 in Axes
  2294 | D:4      | Noticed an ogre
  2441 | D:4      | Noticed a giant frog
  2452 | D:4      | Killed a giant frog
  2452 | D:4      | Reached XP level 6. HP: 43/47 MP: 6/6
  2460 | D:4      | Got a faintly humming ring mail
  2485 | D:4      | Identified the cursed +0 ring mail of Compression {rElec rF+ MP+9} (You found it on level 4 of the Dungeon)
  2535 | D:4      | Noticed an ogre
  2576 | D:4      | Reached skill level 5 in Shields
  2755 | D:4      | Reached skill level 5 in Axes
  2891 | D:4      | Killed an ogre
  2891 | D:4      | Reached XP level 7. HP: 22/52 MP: 7/7
  3558 | D:4      | Noticed Pikel
  3591 | D:5      | Entered Level 5 of the Dungeon
  3621 | D:5      | Reached skill level 5 in Armour
  3658 | D:5      | Found a radiant altar of Vehumet.
  3792 | D:5      | Found a staircase to the Ecumenical Temple.
  3811 | Temple   | Entered the Ecumenical Temple
  3849 | Temple   | Became a worshipper of Elyvilon the Healer
  3890 | D:5      | Noticed Menkaure
  3952 | D:4      | Killed Pikel
  3952 | D:4      | Reached skill level 6 in Axes
  3952 | D:4      | Reached XP level 8. HP: 34/58 MP: 8/8
  4005 | D:4      | Reached skill level 7 in Axes
  4654 | D:6      | Noticed Apert's ghost (novice HOFi)
  4724 | D:5      | Reached XP level 9. HP: 49/64 MP: 9/9
  5111 | D:6      | Reached skill level 8 in Axes
  5213 | D:6      | Reached * piety under Elyvilon
  5629 | D:7      | Reached ** piety under Elyvilon
  5637 | D:7      | Found a shadowy altar of Dithmenos.
  5655 | D:7      | Found a glowing golden altar of the Shining One.
  5662 | D:7      | Fell from the grace of Elyvilon
  5662 | D:7      | Became a worshipper of the Shining One
  5851 | D:7      | Reached skill level 9 in Axes
  5873 | D:7      | Got an ebony hand crossbow
  5874 | D:7      | Identified the +1 hand crossbow of Twilight {venom, +Blink rC+ rN+ Str-2 Int+3} (You found it on level 7 of the Dungeon)
  5977 | D:7      | Reached * piety under the Shining One
  6125 | D:7      | Found a shimmering altar of Xom.
  6180 | D:7      | Found an oddly glowing altar of Pakellas.
  6464 | D:8      | Found a glowing silver altar of Zin.
  6522 | D:8      | Reached XP level 10. HP: 67/70 MP: 10/10
  6674 | D:8      | Got a faintly humming robe
  6902 | D:8      | Reached skill level 1 in Dodging
  7018 | D:8      | Noticed Maurice
  7268 | D:8      | Noticed Joseph
  7282 | D:8      | Killed Joseph
  7282 | D:8      | Reached skill level 10 in Axes
  7406 | D:8      | Found a sacrificial altar of Ru.
  7448 | D:8      | Noticed Erolcha
  7458 | D:8      | Killed Erolcha
  7907 | D:8      | Found a sparkling altar of Nemelex Xobeh.
  8386 | D:8      | Killed Maurice
  8464 | D:9      | Reached ** piety under the Shining One
  8491 | D:9      | Reached skill level 5 in Fighting
  8551 | D:9      | Found a roughly hewn altar of Beogh.
  8586 | D:9      | Reached XP level 11. HP: 72/79 MP: 11/11
  8922 | D:9      | Noticed Prince Ribbit
  8932 | D:9      | Reached skill level 11 in Axes
  8939 | D:9      | Killed Prince Ribbit
  9063 | D:9      | Found a shattered altar of Ashenzari.
  9517 | D:9      | Found a staircase to the Lair.
  9529 | D:9      | Found a deep blue altar of Sif Muna.
  9904 | D:10     | Entered Level 10 of the Dungeon
  9904 | D:10     | Noticed an unseen horror
  9917 | D:10     | Killed an unseen horror
 10325 | D:10     | Reached *** piety under the Shining One
 10747 | Lair:1   | Entered Level 1 of the Lair of Beasts
 10753 | Lair:1   | Noticed Harold
 10788 | Lair:1   | Killed Harold
 10788 | Lair:1   | Reached skill level 12 in Axes
 11578 | Lair:1   | Noticed a four-headed hydra
 11768 | D:11     | Noticed Snorg
 11795 | D:11     | The Shining One protects you from harm!
 11817 | D:11     | Killed Snorg
 11817 | D:11     | Reached skill level 10 in Shields
 11817 | D:11     | Reached XP level 12. HP: 34/87 MP: 12/12
 12074 | D:11     | Noticed a four-headed hydra
 12097 | D:12     | Noticed an ogre mage
 12256 | D:11     | Reached skill level 13 in Axes
 12395 | D:11     | Killed a four-headed hydra
 12746 | D:11     | Found a sparkling altar of Nemelex Xobeh.
 12832 | D:11     | Noticed Fannar
 12854 | D:11     | Killed Fannar
 13101 | D:12     | Reached skill level 1 in Invocations
 13443 | D:12     | Killed an ogre mage
 13710 | D:12     | Noticed an unseen horror
 13710 | D:12     | Reached **** piety under the Shining One
 13720 | D:12     | Killed an unseen horror
 14123 | D:12     | Reached skill level 10 in Armour
 14146 | D:12     | Found a staircase to the Orcish Mines.
 14156 | D:12     | Reached XP level 13. HP: 69/96 MP: 10/15
 14156 | D:12     | Reached skill level 14 in Axes
 14292 | D:12     | Noticed a centaur warrior
 14303 | D:12     | Killed a centaur warrior
 15264 | Lair:1   | Killed a four-headed hydra
 15731 | Lair:1   | Noticed a four-headed hydra
 15743 | Lair:1   | Killed a four-headed hydra
 16074 | Lair:2   | Reached skill level 5 in Invocations
 16129 | Lair:2   | Noticed Gastronok
 16174 | Lair:2   | Killed Gastronok
 17052 | Lair:2   | Gained mutation: Your flesh is cold resistant. [potion of beneficial mutation]
 18072 | Lair:3   | Reached skill level 15 in Axes
 18304 | Lair:4   | Reached XP level 14. HP: 93/106 MP: 15/18
 18536 | Lair:4   | Found a staircase to the Shoals.
 18654 | Lair:4   | Found a hole to the Spider Nest.
 19563 | Lair:4   | You fall through a shaft for 3 floors!
 20301 | Lair:5   | Reached ***** piety under the Shining One
 20696 | Lair:5   | Noticed Kirke
 20716 | Lair:5   | Killed Kirke
 21326 | Lair:5   | Reached XP level 15. HP: 102/115 MP: 17/21
 21329 | Lair:5   | Reached skill level 16 in Axes
 21369 | Lair:5   | Noticed Maud
 21397 | Lair:5   | Killed Maud
 21852 | Lair:6   | Reached skill level 10 in Fighting
 23518 | Lair:7   | Found a staircase to the Slime Pits.
 24154 | Lair:8   | Entered Level 8 of the Lair of Beasts
 24898 | Lair:8   | Reached skill level 5 in Dodging
 26051 | Lair:8   | Reached skill level 17 in Axes
 26238 | Lair:8   | Reached XP level 16. HP: 71/124 MP: 15/23
 27149 | Lair:8   | Found a burning altar of Makhleb.
 27376 | Lair:8   | Found a gateway to Hell.
 28450 | D:6      | Killed Apert's ghost
 28626 | D:5      | Killed Menkaure
 29356 | D:13     | Got a brightly glowing war axe
 29357 | D:13     | Identified the +4 war axe of the Ship {venom, rN+} (You found it on level 13 of the Dungeon)
 29821 | D:14     | Reached skill level 18 in Axes
 29987 | D:14     | Got a fine short sword
 30940 | D:14     | Found a gate to the Vaults.
 31215 | D:14     | Identified a scroll of acquirement
 31217 | D:14     | Got a smoking executioner's axe
 31218 | D:14     | Identified the +0 executioner's axe of Fuokk {chop, rElec rN+} (You acquired it on level 14 of the Dungeon)
 31393 | D:14     | Found a corrupted altar of Lugonu.
 31444 | D:15     | Entered Level 15 of the Dungeon
 31464 | D:15     | Reached ****** piety under the Shining One
 31481 | D:15     | Reached XP level 17. HP: 71/131 MP: 2/24
 31814 | D:14     | Reached skill level 19 in Axes
 32796 | D:15     | Reached skill level 1 in Crossbows
 32931 | D:15     | Found a staircase to the Depths.
 33505 | Orc:1    | Entered Level 1 of the Orcish Mines
 33959 | Orc:1    | Found a roughly hewn altar of Beogh.
 33999 | Orc:1    | Noticed Nergalle
 34009 | Orc:1    | Killed Nergalle
 34119 | Orc:2    | Entered Level 2 of the Orcish Mines
 34528 | Orc:2    | Found a staircase to the Elven Halls.
 34621 | Orc:2    | Reached skill level 20 in Axes
 35335 | Orc:2    | Found Ciattize's Antique Weapon Shoppe.
 35536 | Orc:2    | Found a roughly hewn altar of Beogh.
 35551 | Orc:2    | Found Semmugg's Food Shop.
 35551 | Orc:2    | Found Rycoq's Assorted Antiques.
 35558 | Orc:2    | Bought a scroll of identify for 38 gold pieces
 35558 | Orc:2    | Bought a scroll of identify for 38 gold pieces
 35607 | Orc:2    | Found Weng's Book Shop.
 35607 | Orc:2    | Found Zoph's Magic Scroll Emporium.
 35638 | Orc:2    | Bought a scroll of remove curse for 48 gold pieces
 35638 | Orc:2    | Bought a scroll of identify for 32 gold pieces
 35638 | Orc:2    | Bought a scroll of fear for 56 gold pieces
 35638 | Orc:2    | Bought a scroll of summoning for 152 gold pieces
 35638 | Orc:2    | Bought a scroll of magic mapping for 56 gold pieces
 35638 | Orc:2    | Bought a scroll of identify for 32 gold pieces
 35638 | Orc:2    | Bought a scroll of identify for 32 gold pieces
 35671 | Orc:2    | Bought a scroll of remove curse for 57 gold pieces
 35671 | Orc:2    | Bought a sapphire ring for 95 gold pieces
 35671 | Orc:2    | Bought a scroll of remove curse for 57 gold pieces
 35671 | Orc:2    | Bought a scroll of magic mapping for 66 gold pieces
 35891 | Elf:1    | Entered Level 1 of the Elven Halls
 35910 | Elf:1    | Reached skill level 10 in Invocations
 36046 | Elf:1    | Found a radiant altar of Vehumet.
 36282 | Elf:1    | Reached XP level 18. HP: 83/138 MP: 10/25
 37492 | Elf:1    | Found a deep blue altar of Sif Muna.
 37797 | Elf:2    | Cast into level 4 of the Abyss (halberd of distortion)
 37906 | Abyss:4  | Found a corrupted altar of Lugonu.
 37944 | Abyss:4  | Noticed a bone dragon
 37960 | Abyss:4  | Noticed a lich
 38031 | Abyss:4  | Killed a bone dragon
 38074 | Abyss:4  | Killed a lich
 38074 | Abyss:4  | Reached skill level 5 in Crossbows
 38074 | Abyss:4  | Found a corrupted altar of Lugonu.
 38077 | Elf:2    | Escaped the Abyss
 38079 | Elf:2    | Found a frozen archway.
 38863 | Spider:1 | Entered Level 1 of the Spider Nest
 39874 | Spider:1 | Found a roughly hewn altar of Beogh.
 40295 | Spider:2 | Reached XP level 19. HP: 122/146 MP: 9/27
 40900 | Spider:2 | Identified the Compendium of the Thirteen Gods
 42560 | Spider:3 | Reached skill level 21 in Axes
 42833 | Spider:3 | Noticed Norris
 42866 | Spider:3 | Killed Norris
 43742 | Shoals:1 | Entered Level 1 of the Shoals
 43742 | Shoals:1 | Found Urafud's Book Shoppe.
 43748 | Shoals:1 | Found Busk's Book Shop.
 44173 | Shoals:1 | Found Xax Atif's Antique Armour Emporium.
 44185 | Shoals:1 | Bought a pair of warped boots for 256 gold pieces
 44185 | Shoals:1 | Bought a runed cloak for 121 gold pieces
 44185 | Shoals:1 | Identified the +0 pair of boots "Quuga" {-Cast +Inv Str+2 Int+2} (You bought it in a shop on level 1 of the Shoals)
 44319 | Shoals:1 | Found Ifoled's Distillery.
 44327 | Shoals:1 | Bought a potion of heal wounds for 85 gold pieces
 44327 | Shoals:1 | Bought a potion of curing for 51 gold pieces
 44327 | Shoals:1 | Bought a potion of curing for 51 gold pieces
 44327 | Shoals:1 | Bought a potion of heal wounds for 85 gold pieces
 44442 | Shoals:1 | Found Feunoz's Assorted Antiques.
 44451 | Shoals:1 | Bought a scroll of identify for 34 gold pieces
 44451 | Shoals:1 | Bought a scroll of identify for 34 gold pieces
 44451 | Shoals:1 | Bought a scroll of remove curse for 51 gold pieces
 44451 | Shoals:1 | Bought a scroll of acquirement for 884 gold pieces
 44451 | Shoals:1 | Bought a scroll of recharging for 161 gold pieces
 44479 | Shoals:1 | Got a steaming large shield
 44490 | Shoals:1 | Identified the +0 large shield of the Lily {rPois Str+3 Int+3} (You acquired it on level 1 of the Shoals)
 46003 | Shoals:3 | Reached XP level 20. HP: 155/155 MP: 9/28
 47036 | Elf:2    | Found Jiaxomp's Antique Weapon Boutique.
 47106 | Elf:1    | Reached skill level 15 in Shields
 47479 | Elf:2    | Found a runed gate.
 47479 | Elf:2    | Found a runed gate.
 47480 | Elf:2    | Found a runed gate.
 48754 | Elf:2    | Found Ruci's Weapon Shoppe.
 48882 | Elf:3    | Entered Level 3 of the Elven Halls
 48969 | Elf:3    | Found Enuoh's Antique Weapon Shop.
 49068 | Elf:3    | Found Qurargh's Book Emporium.
 49180 | Elf:3    | Found Otaeps's Weapon Boutique.
 49808 | Elf:3    | Gained mutation: You expend magic power (3 MP) to strengthen your wands. [a neqoxec]
 49849 | Elf:3    | Noticed a Hell Sentinel
 50055 | Elf:3    | Got a sparkling iron ring
 50112 | Elf:3    | Reached XP level 21. HP: 163/163 MP: 13/30
 50373 | Elf:3    | Identified the Handbook of Warped Enhancements
 50625 | Elf:3    | Lost mutation: You expend magic power (3 MP) to strengthen your wands. [potion of cure mutation]
 50625 | Elf:3    | Lost mutation: Your flesh is cold resistant. [potion of cure mutation]
 50640 | Elf:3    | HP: 1/163 [Executioner[a deep elf demonologist] (10)]
 50640 | Elf:3    | Mangled by an Executioner

Skill      XL: |  1  2  3  4  5  6  7  8  9 10 11 12 13 14 15 16 17 18 19 20 |
---------------+-------------------------------------------------------------+-----
Axes           | 3 4 5 6 7 9 10 12 13 15 17 18 20 21 | 21.8
Shields        | 4 5 6 7 8 9 10 11 12 13 14 15 | 15.5
Armour         | 4 6 7 8 9 10 11 12 13 14 | 14.7
Dodging        | 3 4 5 6 7 8 9 |  9.1
Fighting       | 5 7 8 9 10 11 12 13 | 13.5
Invocations    | 3 5 8 9 10 11 12 | 12.9
Crossbows      | 3 5 6 8 |  8.4
Maces & Flails | |  0.8

Action                   |  1- 3 |  4- 6 |  7- 9 | 10-12 | 13-15 | 16-18 | 19-21 || total
-------------------------+-------+-------+-------+-------+-------+-------+-------++-------
Melee: War axe           |    82 |   237 |   295 |   861 |  1828 |   186 |       ||  3489
       Mace              |       |       |       |    18 |       |       |       ||    18
       Dire flail        |       |       |       |       |    60 |    48 |       ||   108
       Unarmed           |       |       |       |       |     2 |       |       ||     2
       Battleaxe         |       |       |       |       |       |  1349 |  1012 ||  2361
       Executioner's axe |       |       |       |       |       |    40 |    48 ||    88
       Broad axe         |       |       |       |       |       |     5 |       ||     5
 Fire: Hand crossbow     |       |       |       |       |       |     6 |   142 ||   148
       Arbalest          |       |       |       |       |       |     4 |       ||     4
Throw: Throwing net      |       |       |       |     5 |       |       |     2 ||     7
Invok: Divine Shield     |       |       |       |     3 |     7 |    11 |     1 ||    22
       Cleansing Flame   |       |       |       |       |     1 |       |     1 ||     2
       Summon Divine War |       |       |       |       |       |     2 |     1 ||     3
 Abil: Dig               |       |     1 |     2 |     5 |    10 |    21 |    18 ||    57
       Evoke Flight      |       |       |       |       |       |       |    30 ||    30
Evoke: Wand              |       |       |       |    15 |       |     5 |     6 ||    26
       Rod               |       |       |       |       |       |     2 |       ||     2
  Use: Potion            |     2 |     1 |     1 |     7 |     3 |     6 |    13 ||    33
       Scroll            |       |    12 |     5 |     3 |     8 |    20 |    10 ||    58
 Stab: Confused          |       |       |       |       |       |       |     1 ||     1
  Eat: Chunk             |     1 |     6 |    11 |    17 |    36 |    30 |    13 ||   114
       Fruit             |       |       |     1 |     8 |     4 |     3 |     2 ||    18
       Bread ration      |       |       |       |     1 |       |     4 |     4 ||     9
       Meat ration       |       |       |       |     1 |       |       |       ||     1
       Beef jerky        |       |       |       |       |     2 |     1 |     4 ||     7
       Pizza             |       |       |       |       |     1 |       |     1 ||     2
Armor: Scale mail        |    63 |    40 |       |       |       |       |       ||   103
       Ring mail         |       |    22 |    94 |   104 |       |    23 |    62 ||   305
       Ice dragon armour |       |       |       |    95 |   445 |   424 |   224 ||  1188
       Skin              |       |       |       |    14 |       |       |       ||    14
Dodge: Dodged            |    30 |    78 |    87 |   242 |   481 |   499 |   321 ||  1738
Block: Shield            |    61 |   127 |   156 |   523 |   892 |   948 |   283 ||  2990
       Large shield      |       |       |       |       |       |       |   503 ||   503
